 Dungeon Crawl Stone Soup version 0.20.0-15-g7f486f2 (webtiles) character file.

101 Gorglomux the Skirmisher (level 4, -5/49 HPs)
             Began as an Ogre Artificer on June 11, 2017.
             Killed from afar by an orc wizard (8 damage)
             ... with a magic dart
             ... on level 3 of the Dungeon.
             The game lasted 00:02:43 (3467 turns).

Gorglomux the Skirmisher (Ogre Artificer)           Turns: 3467, Time: 00:02:45

Health: -5/49      AC:  3    Str: 17    XL:     4   Next: 75%
Magic:  5/5        EV: 10    Int: 12    God:
Gold:   130        SH:  0    Dex:  9    Spells: 3/3 levels left

rFire    . . .     SeeInvis .   N - -2 mace (curse)
rCold    . . .     Gourm    .   (no shield)
rNeg     . . .     Faith    .   b - +0 robe
rPois    .         Spirit   .   (helmet restricted)
rElec    .         Reflect  .   (no cloak)
rCorr    .         Harm     .   (gloves unavailable)
MR       .....                  (boots unavailable)
Stlth    ++........             (no amulet)
Regen    0.2/turn               x - ring of stealth
MPRegen  0.1/turn               (no ring)

@: no status effects
A: unfitting armour, tough skin 1
a: no special abilities


You were on level 3 of the Dungeon.
You were hungry.

You visited 1 branch of the dungeon, and saw 3 of its levels.

You collected 130 gold pieces.

Inventory:

Hand Weapons
 a - a +0 short sword
 N - a cursed -2 mace (weapon)
 W - a +1 antimagic dagger
Armour
 b - a +0 robe (worn)
Jewellery
 x - a ring of stealth (left hand)
Wands
 c - a wand of flame (10/48)
 e - a wand of random effects (15/48)
 E - a wand of enslavement (15/24)
Scrolls
 R - a scroll of identify
Potions
 F - a potion of degeneration {unknown}
 G - a potion of invisibility {unknown}
 H - a potion of ambrosia {unknown}
 I - 3 potions of might
 J - 2 potions of lignification {unknown}
 K - a potion of heal wounds {unknown}
 Q - 2 potions of curing
 S - a potion of haste {unknown}
 V - a potion of agility {unknown}
Comestibles
 f - a bread ration
 z - a meat ration
 O - 3 fruits
 U - 2 royal jellies


   Skills:
 + Level 4.5 Fighting
 - Level 0.6 Short Blades
 + Level 2.2 Maces & Flails
 - Level 1.7 Dodging
 - Level 0.6 Stealth
 - Level 2.4 Evocations


You had 3 spell levels left.
You didn't know any spells.

Dungeon Overview and Level Annotations

Branches:
Dungeon (3/15)

Altars:
Qazlal
Trog


Innate Abilities, Weirdness & Mutations

You are too large for most types of armour.
You have tough skin. (AC +1)


Message History

The orc wizard is heavily wounded.
The orc wizard casts a spell.
The orc wizard seems to speed up.
The orc barely misses you. The orc wizard hits you with a dagger.
You barely miss the orc wizard.
The orc wizard is heavily wounded.
The orc wizard hits you but does no damage.
The orc hits you with a flail.
The orc wizard mumbles some strange words.
The orc wizard blinks!
W - an antimagic dagger The orc hits you with a flail!
* * * LOW HITPOINT WARNING * * *
It was a potion of curing.
You feel better.
Q - 2 potions of curing;
H - a metallic blue potion The orc hits you with a flail!
* * * LOW HITPOINT WARNING * * *
The orc wizard points at you and mumbles some strange words.
The magic dart hits you!
You die...

# +........# #.
#........# #..
#........# #... #####
#........# #...
##...###........# #...
##⌠.<.⌠##........#
#...###.......#........#
#.....o@.o).>.#........#
#.....#.......#....#'#.#
###...##⌠.>.⌠##....#.#.)
#....##...##.....#.###
####'######......'....
#.##..........#.###
#.##......#####.#
#.##......# #.#
#.######'##


You could see an orc wizard and an orc.

Vanquished Creatures
  3 adders (D:2)
  2 oozes (D:1)
  3 dart slugs
  A leopard gecko (D:2)
  6 orcs (D:3)
  3 giant cockroaches
  9 goblins
  3 hobgoblins
  4 kobolds
  A quokka (D:2)
  A ball python (D:2)
  10 bats
  A frilled lizard (D:2)
  4 rats (D:2)
51 creatures vanquished.

Notes
Turn   | Place    | Note
-------+----------+-------------------------------------------
     0 | D:1      | Gorglomux the Ogre Artificer began the quest for the Orb.
     0 | D:1      | Reached XP level 1. HP: 19/19 MP: 2/2
    39 | D:1      | Reached skill level 2 in Fighting
   313 | D:1      | Reached XP level 2. HP: 18/29 MP: 3/3
   333 | D:1      | HP: 1/29 [bat (1)]
   725 | D:1      | Reached skill level 3 in Fighting
  1103 | D:1      | Reached XP level 3. HP: 28/37 MP: 4/4
  1119 | D:1      | Reached skill level 1 in Maces & Flails
  2091 | D:2      | Reached skill level 4 in Fighting
  2149 | D:2      | Reached XP level 4. HP: 40/48 MP: 5/5
  3037 | D:3      | Found a bloodstained altar of Trog.
  3048 | D:3      | Found a faded altar of an unknown god.
  3374 | D:3      | Found a stormy altar of Qazlal.
  3467 | D:3      | Killed from afar by an orc wizard

Skill      XL: |  1  2  3  4 |
---------------+-------------+-----
Fighting       | 2 3 4 |  4.5
Maces & Flails | 1 2 |  2.2
Short Blades   | |  0.6
Dodging        | |  1.7
Stealth        | |  0.6
Evocations     | |  2.4

Action                   |  1- 3 |  4- 6 || total
-------------------------+-------+-------++-------
Melee: Short sword       |    38 |       ||    38
       Mace              |   127 |   106 ||   233
Evoke: Wand              |     5 |       ||     5
  Use: Scroll            |     2 |       ||     2
       Potion            |       |     1 ||     1
 Stab: Sleeping          |     1 |     1 ||     2
  Eat: Chunk             |     4 |     4 ||     8
Armor: Robe              |    82 |    33 ||   115
Dodge: Dodged            |   109 |    61 ||   170
